Map: Heavy Artillery LE

Players

neciu

  • Race: Terran Terran
  • Spawn Location: 7:00

hasiula

  • Race: Protoss Protoss
  • Spawn Location: 7:00

qqq - Winner!

  • Race: Zerg Zerg
  • Spawn Location: 1:00

Massa - Winner!

  • Race: Terran Terran
  • League: Platinum
  • Spawn Location: 3:00

VOD

Have the link to the VOD?

Description

Time

  • Played on: Feb. 18, 2021, 2:56 p.m.
  • Length: 19:47
Show
View Real Time Build Order
Export as new Build Order

neciu Terran 

Build Orders:  

Get SALT Encoding   

  12  0:01  SCV  
  13  0:13  SCV  
  14  0:22  Supply Depot  
  14  0:25  SCV  
  15  0:43  SCV  
  15  0:45  Barracks  
  15  0:49  Refinery  
  16  0:55  SCV  
  17  1:07  SCV  
  18  1:20  SCV  
  19  1:32  Orbital Command  
  19  1:33  Marine  
  20  1:46  Command Center  
  20  1:51  Marine  
  21  2:03  Factory  
  21  2:05  SCV  
  22  2:18  Barracks Reactor  
  22  2:30  Supply Depot  
  22  2:34  SCV  
  23  2:41  Refinery  
  23  2:52  SCV  
  23  2:55  Factory Tech Lab  
  23  2:56  Bunker  
  24  2:58  Supply Depot  
  24  3:04  SCV  
  25  3:07  Marine x2  
  25  3:10  Orbital Command  
  27  3:16  SCV  
  28  3:20  Refinery  
  28  3:28  SCV  
  28  3:30  Siege Tank  
  28  3:31  Marine x2  
  34  3:40  SCV  
  35  3:47  SCV  
  36  3:49  Factory  
  36  3:52  SCV, Marine x2  
  39  4:00  SCV  
  39  4:02  Siege Tank  
  43  4:10  SCV, Marine  
  43  4:12  SCV  
  46  4:30  Marine x2  
  48  4:34  Siege Tank  
  48  4:35  SCV x2  
  53  4:47  SCV  
  53  4:52  Factory Tech Lab, Supply Depot  
  54  4:53  Engineering Bay  
  54  5:06  SCV  
  54  5:13  SCV, Marine x2, Siege Tank  
  60  5:14  Supply Depot  
  60  5:15  Supply Depot  
  60  5:18  SCV, Supply Depot  
  61  5:21  Armory x2  
  61  5:25  SCV  
  62  5:35  SCV  
  62  5:38  SCV  
  64  5:47  SCV  
  65  5:50  Siege Tank x2  
  65  5:51  Marine x2  
  65  5:53  Command Center  
  73  6:00  SCV x2  
  75  6:11  Terran Vehicle Weapons Level 1  
  75  6:12  SCV x2  
  77  6:18  Refinery  
  77  6:22  Siege Tank  
  80  6:26  Missile Turret  
  80  6:27  Missile Turret  
  80  6:29  Sensor Tower, Missile Turret  
  80  6:41  Marine x2  
  80  6:42  Siege Tank  
  78  7:02  Marine, Siege Tank  
  78  7:03  Marine  
  83  7:10  SCV x2  
  83  7:12  Terran Vehicle And Ship Armor Level 1  
  85  7:22  SCV  
  86  7:23  SCV  
  86  7:34  SCV  
  77  8:00  Marine, Siege Tank  
  77  8:01  Siege Tank  
  77  8:10  Missile Turret x2  
  77  8:12  Missile Turret  
  71  8:14  Missile Turret  
  71  8:18  Marine  
  71  8:19  Marine  
  67  8:29  SCV x2  
  67  8:32  Missile Turret  
  67  8:33  Siege Tank x2  
  67  8:34  Missile Turret  
  74  8:36  Marine x2  
  74  8:37  Missile Turret  
  74  8:41  SCV x2  
  74  8:42  Orbital Command  
  75  8:51  Missile Turret x2  
  75  8:53  SCV x2  
  77  8:56  Missile Turret  
  77  8:58  Missile Turret x2  
  77  8:59  Missile Turret x3  
  76  9:05  SCV  
  76  9:09  Siege Tank  
  79  9:23  Missile Turret  
  77  9:31  Hellion, Marine x2  
  77  9:41  SCV x2, Hellion  
  77  9:49  Marine  
  77  9:52  Hellion  
  80  9:53  SCV x2, Orbital Command  
  79  10:12  Marine x2  
  87  10:16  Thor  
  87  10:19  Siege Tank  
  90  10:26  SCV x2  
  90  10:27  SCV  
  93  10:30  Marine  
  91  10:38  SCV  
  91  10:39  SCV x2  
  91  10:50  SCV  
  91  10:51  SCV x2  
  91  10:55  Thor  
  91  10:56  Marine x2  
  99  11:02  SCV  
  96  11:12  Refinery, SCV x2  
  96  11:13  Refinery  
  96  11:15  Terran Vehicle And Ship Armor Level 2, SCV, Terran Vehicle Weapons Level 2  
  97  11:37  Barracks  
  97  11:39  Barracks  
  92  11:40  Command Center  
  92  11:42  Barracks  
  92  11:45  SCV x3  
  95  11:47  Thor  
  101  12:04  Supply Depot  
  101  12:08  SCV x2, Marine  
  101  12:26  Refinery, SCV x3, Marine x2  
  106  12:30  Hellion  
  106  12:34  Refinery  
  105  12:37  Thor  
  105  12:38  SCV x2  
  90  12:58  Siege Tank  
  90  12:59  Marine x2  
  90  13:01  Marine  
  90  13:02  Marine x2  
  98  13:07  Supply Depot  
  98  13:17  Marine x2  
  98  13:19  Marine  
  99  13:20  Marine x2, Supply Depot  
  99  13:21  Hellion, Supply Depot  
  99  13:22  Supply Depot  
  99  13:23  Supply Depot  
  99  13:24  Supply Depot  
  99  13:25  Supply Depot x3  
  99  13:26  Supply Depot  
  96  13:30  Siege Tank  
  85  13:35  Marine x2  
  64  13:49  Missile Turret  
  64  13:50  Missile Turret  
  51  14:13  Siege Tank x2  
  57  14:22  Barracks x2  
  57  14:23  Barracks  
  57  14:25  SCV x3, Barracks x3  
  57  14:37  SCV  
  53  14:56  Hellion  
  46  15:11  Marine  
  46  15:12  Marine x4  
  43  15:15  SCV  
  43  15:16  SCV  
  47  15:29  Marine x2  
  47  15:30  Marine x3  
  47  15:31  Armory  
  47  15:32  Armory  
  46  15:47  Marine x3  
  46  15:48  Marine x2  
  45  16:05  Marine x4  
  45  16:06  Marine  
  41  16:23  Marine x5  
  46  16:39  Factory x2  
  46  16:40  Factory, Marine  
  46  16:41  Marine x3  
  46  16:45  Marine  
  51  16:58  Marine  
  51  16:59  Marine x2  
  54  17:12  Barracks Reactor, Barracks Tech Lab  
  54  17:13  Barracks Reactor  
  54  17:27  Marine x2  
  54  17:28  Marine, Command Center  
  57  17:30  Factory Tech Lab, Command Center  
  57  17:31  Factory Reactor x2  
  57  17:33  SCV x2  
  59  17:42  Combat Shield  
  59  17:45  SCV, Marine  
  61  18:18  Hellion x3  
  61  18:19  Hellion x2, Marine x2  
  73  18:40  Hellion  
  75  18:43  Refinery  
  75  18:46  Refinery  
  75  18:58  Marine x3  
  78  19:20  Marine x5  
  78  19:23  SCV x2  
Show
View Real Time Build Order
Export as new Build Order

hasiula Protoss 

Build Orders: 1 Gate Expand, Zealot Archon 

Get SALT Encoding   

  12  0:00  Probe  
  13  0:12  Probe  
  14  0:22  Pylon  
  14  0:24  Probe  
  15  0:40  Probe (Chrono Boost), Gateway  
  17  0:51  Probe (Chrono Boost)  
  17  0:52  Assimilator  
  17  0:56  Probe (Chrono Boost)  
  18  1:06  Probe  
  19  1:18  Probe  
  20  1:29  Nexus  
  20  1:30  Probe  
  21  1:42  Probe  
  21  1:45  Cybernetics Core  
  22  1:52  Assimilator  
  22  1:54  Probe  
  23  2:09  Pylon  
  23  2:19  Pylon  
  23  2:27  Probe, Zealot  
  23  2:29  Forge  
  26  2:30  Warp Gate (Chrono Boost)  
  26  2:38  Pylon  
  26  2:39  Probe  
  27  2:51  Probe  
  27  2:56  Gateway  
  28  2:59  Shield Battery  
  28  3:05  Probe, Shield Battery  
  29  3:06  Probe  
  29  3:10  Stalker (Chrono Boost)  
  32  3:22  Twilight Council  
  32  3:24  Probe  
  32  3:25  Probe  
  34  3:33  Sentry  
  36  3:36  Probe  
  36  3:39  Probe  
  38  3:43  Pylon  
  38  3:48  Probe  
  38  3:51  Probe  
  40  4:17  Zealot x2  
  40  4:23  Pylon  
  42  4:25  Cybernetics Core  
  42  4:33  Gateway  
  42  4:38  Pylon  
  42  4:39  Probe x2  
  42  4:41  Zealot  
  46  4:51  Probe x2, Charge (Chrono Boost)  
  48  4:57  Pylon  
  48  4:59  Templar Archives  
  48  5:01  Assimilator  
  48  5:03  Probe x2, Stalker  
  52  5:12  Gateway  
  52  5:15  Probe x2, Gateway  
  52  5:17  Pylon  
  52  5:20  Photon Cannon  
  54  5:26  Photon Cannon  
  54  5:27  Probe x2  
  56  5:32  Assimilator  
  56  5:36  Psionic Storm  
  56  5:41  Zealot x2  
  60  5:55  Gateway  
  60  5:58  Gateway  
  60  6:02  High Templar x2  
  64  6:07  Archon  
  64  6:08  High Templar  
  66  6:13  Probe x2  
  68  6:25  Probe  
  69  6:29  Zealot  
  69  6:30  Nexus  
  63  6:58  Stalker x3  
  63  6:59  Stalker x3  
  75  7:19  Probe  
  75  7:20  Probe  
  75  7:21  Photon Cannon  
  77  7:23  Shield Battery  
  77  7:26  Pylon, Stalker x5  
  77  7:29  Pylon  
  87  7:31  Probe, Assimilator  
  87  7:32  Probe  
  83  8:00  Blink (Chrono Boost)  
  83  8:03  Stalker x3  
  83  8:04  Stalker x3  
  95  8:17  Photon Cannon  
  92  8:38  Protoss Ground Weapons Level 1  
  92  8:41  High Templar x3  
  92  8:42  High Templar, Zealot x2  
  104  8:54  Photon Cannon  
  104  9:01  Photon Cannon  
  104  9:06  Zealot x3, Pylon  
  110  9:10  Photon Cannon  
  110  9:12  Shield Battery  
  82  10:04  Zealot  
  82  10:05  High Templar, Zealot x4  
  90  10:11  Probe x2  
  92  10:16  Assimilator  
  92  10:23  Probe x2  
  94  10:35  Probe x2  
  96  10:37  Stargate, Nexus  
  96  10:38  Stargate  
  96  10:39  Photon Cannon  
  96  10:40  Assimilator  
  96  10:42  Assimilator  
  96  10:45  Pylon  
  92  10:50  Pylon  
  92  10:52  Pylon  
  92  10:54  Pylon  
  86  10:57  High Templar, Stalker x3  
  86  10:58  High Templar, Zealot  
  98  11:16  Probe x3  
  99  11:28  Probe x3  
  100  11:40  Probe x2  
  100  11:43  Zealot x4  
  100  11:44  Zealot x2  
  114  11:52  Probe x3  
  114  11:53  Probe  
  118  11:58  Protoss Shields Level 1 (Chrono Boost)  
  118  12:00  Photon Cannon  
  118  12:03  Photon Cannon, Fleet Beacon  
  118  12:04  Probe x3  
  118  12:06  Gateway  
  118  12:08  Gateway, Forge  
  121  12:11  Pylon  
  121  12:13  Pylon  
  121  12:17  Pylon  
  121  12:27  Stargate  
  121  12:30  Stargate  
  121  12:39  Photon Cannon  
  121  12:41  Photon Cannon  
  121  12:43  Photon Cannon  
  85  13:06  Tempest x2 (Chrono Boost)  
  85  13:08  Tempest (Chrono Boost)  
  85  13:10  Tempest (Chrono Boost)  
  101  13:46  Tempest (Chrono Boost)  
  101  13:47  Tempest (Chrono Boost)  
  101  13:48  Tempest (Chrono Boost)  
  109  14:06  Stalker x6  
  109  14:07  Stalker x2  
  94  15:07  Cybernetics Core  
  94  15:15  Zealot x4  
  94  15:16  Zealot x2  
  81  16:04  Zealot x3  
  81  16:05  Zealot x2  
  78  16:26  Pylon  
  78  16:28  Pylon  
  78  16:40  Stargate  
  78  16:43  Stargate  
  78  16:45  Stargate  
  78  16:48  Pylon  
  78  16:50  Stargate  
  78  16:56  Gateway  
  78  16:59  Gateway, Zealot  
  78  17:00  Zealot x5  
  90  17:11  Nexus  
  90  17:19  Gateway  
  90  17:21  Pylon  
  90  17:23  Pylon  
  90  17:24  Pylon  
  90  17:26  Tempest x3 (Chrono Boost)  
  110  17:44  Tempest (Chrono Boost)  
  110  17:45  Protoss Air Weapons Level 1 (Chrono Boost)  
  110  17:48  Zealot x5  
  110  17:49  Zealot  
  122  18:02  Phoenix x3  
  122  18:05  Nexus  
  128  18:09  Assimilator  
  128  18:11  Assimilator  
  80  18:24  Tempest  
  80  18:27  Phoenix x2  
  86  18:28  Stalker x6  
  86  18:29  Zealot x2  
  110  19:06  Pylon  
  110  19:08  Pylon  
  110  19:10  Pylon  
  110  19:11  Pylon  
Show
View Real Time Build Order
Export as new Build Order

qqq Zerg - Winner!

Build Orders: Pool First, Brood Lord Corruptor 

Get SALT Encoding   

  12  0:00  Drone  
  13  0:08  Drone  
  14  0:17  Overlord  
  14  0:39  Spawning Pool  
  13  0:47  Drone x3  
  16  1:05  Drone  
  16  1:07  Extractor  
  16  1:20  Hatchery  
  16  1:23  Drone  
  16  1:25  Drone  
  17  1:45  Drone x2  
  19  1:47  Queen  
  21  1:59  Drone  
  22  2:09  Overlord  
  22  2:23  Overlord  
  22  2:29  Metabolic Boost  
  22  2:33  Drone  
  22  2:34  Queen  
  22  2:36  Zergling x2  
  26  2:39  Overlord  
  26  2:45  Drone  
  26  2:46  Zergling x2  
  28  2:58  Zergling x2  
  29  3:01  Drone  
  29  3:02  Zergling x6  
  33  3:06  Drone  
  34  3:15  Lair  
  34  3:25  Zergling x2, Overlord  
  34  3:27  Drone, Zergling x2  
  38  3:34  Zergling x6  
  39  3:48  Zergling x2  
  39  3:49  Zergling x2  
  39  3:50  Zergling x8  
  39  3:51  Drone  
  47  4:02  Zergling x2  
  47  4:03  Zergling x6  
  47  4:08  Zergling x2  
  50  4:19  Spire  
  48  4:34  Drone x3  
  51  4:38  Extractor, Overlord  
  51  4:40  Drone  
  51  4:46  Extractor x2  
  51  4:47  Drone, Hatchery  
  51  4:49  Drone  
  50  4:54  Overlord  
  50  4:57  Drone  
  51  5:02  Drone x2  
  53  5:10  Drone  
  53  5:11  Drone  
  53  5:12  Drone x2  
  57  5:16  Drone  
  57  5:17  Drone  
  59  5:33  Mutalisk  
  59  5:34  Mutalisk x2  
  65  5:36  Drone x2  
  65  5:40  Overlord  
  67  5:48  Zerg Flyer Weapons Level 1  
  67  6:01  Drone x3  
  67  6:02  Queen  
  72  6:11  Infestation Pit  
  71  6:14  Evolution Chamber  
  71  6:16  Evolution Chamber  
  71  6:18  Drone x4  
  71  6:19  Drone  
  71  6:25  Drone  
  75  6:29  Drone  
  76  6:35  Drone  
  71  6:51  Mutalisk x4  
  71  6:52  Mutalisk  
  71  6:53  Hatchery  
  71  6:54  Drone x2  
  69  6:55  Drone  
  70  7:08  Hive  
  70  7:10  Zerg Melee Weapons Level 1  
  70  7:13  Drone x4  
  74  7:16  Overlord x2  
  70  7:43  Zergling x8  
  74  7:44  Overlord  
  74  7:45  Overlord x5  
  72  7:54  Mutalisk  
  72  7:56  Overlord  
  72  8:42  Drone x4  
  72  8:43  Drone x2  
  78  8:48  Extractor  
  78  8:49  Extractor  
  78  8:51  Greater Spire  
  78  8:54  Mutalisk x3  
  78  8:55  Mutalisk, Spire  
  84  8:56  Drone  
  84  9:04  Drone  
  79  9:22  Mutalisk x4  
  87  9:24  Drone  
  84  9:49  Corruptor x4  
  84  9:50  Corruptor  
  92  10:04  Corruptor x2  
  92  10:06  Drone x6  
  92  10:07  Drone  
  103  10:16  Drone  
  103  10:18  Spore Crawler  
  103  10:19  Corruptor  
  103  10:20  Corruptor  
  105  10:53  Brood Lord x3  
  109  11:09  Brood Lord x2  
  105  11:41  Brood Lord x3  
  105  11:44  Zerg Flyer Armor Level 1  
  111  11:48  Zergling x4  
  111  11:49  Zergling x6, Overlord x3  
  111  11:50  Zergling x14  
  123  12:00  Zerg Flyer Weapons Level 2  
  123  12:14  Brood Lord, Corruptor  
  123  12:15  Zergling x6  
  130  12:16  Drone x2  
  130  12:17  Drone x3  
  130  12:22  Spine Crawler x2  
  134  12:24  Spore Crawler  
  131  12:40  Corruptor x2  
  131  12:41  Corruptor x3  
  124  12:46  Zergling x2  
  124  12:47  Zergling x4  
  120  13:12  Zergling x10  
  125  13:19  Hatchery  
  123  13:32  Corruptor x3  
  123  13:33  Zergling x6  
  123  13:34  Zergling x4  
  130  13:35  Hatchery  
  128  13:49  Zergling x2  
  128  13:50  Zergling x6  
  128  13:52  Zerg Flyer Armor Level 2  
  132  13:57  Corruptor x3  
  128  14:17  Corruptor x6  
  132  14:28  Corruptor x3  
  133  14:52  Corruptor x4  
  125  14:53  Zergling x4  
  125  14:55  Drone x4  
  123  15:07  Corruptor x2  
  123  15:12  Zergling x8  
  123  15:13  Drone x3  
  124  15:16  Extractor  
  124  15:18  Extractor  
  124  15:19  Extractor  
  109  15:36  Extractor  
  109  15:40  Corruptor x5  
  109  15:41  Zergling x2  
  109  15:42  Drone x5  
  124  15:43  Drone  
  122  15:53  Corruptor x2  
  122  15:54  Zergling x10  
  122  15:55  Drone x2, Zergling x2  
  126  16:05  Drone x2  
  128  16:18  Spore Crawler  
  128  16:22  Drone  
  128  16:23  Drone  
  129  16:31  Drone x2  
  129  16:32  Corruptor x3  
  137  16:33  Overlord  
  137  16:34  Overlord x2  
  137  16:35  Zergling x12  
  143  16:41  Brood Lord x2  
  143  16:42  Brood Lord  
  143  16:44  Viper  
  143  16:45  Drone  
  143  16:46  Drone  
  154  16:54  Drone  
  155  17:02  Spine Crawler  
  155  17:03  Hatchery, Spine Crawler x2  
  155  17:04  Brood Lord x2  
  155  17:05  Brood Lord x2  
  155  17:06  Drone  
  160  17:09  Corruptor  
  160  17:12  Hatchery  
  160  17:13  Corruptor  
  163  17:26  Drone x2  
  165  17:30  Corruptor x2  
  165  17:31  Overlord  
  165  17:32  Zergling x4, Overlord  
  165  17:33  Zergling x2, Corruptor x3, Overlord  
  165  17:35  Zergling x8  
  165  17:36  Drone  
  183  17:50  Drone  
  173  18:24  Drone x3, Corruptor x2  
  173  18:25  Corruptor x4  
  183  19:01  Drone x8  
  183  19:02  Drone  
Show
View Real Time Build Order
Export as new Build Order

Massa Terran - Winner!

Build Orders:  

Get SALT Encoding   

  12  0:00  SCV  
  13  0:12  SCV  
  14  0:19  Supply Depot  
  14  0:24  SCV  
  15  0:41  Refinery, SCV  
  16  0:44  Barracks  
  16  0:56  SCV  
  17  1:08  SCV  
  18  1:17  Barracks  
  18  1:25  Barracks  
  18  1:32  Supply Depot  
  18  1:33  SCV  
  19  1:45  SCV  
  19  1:46  Barracks Tech Lab  
  20  1:57  Factory  
  20  2:04  Marine x2  
  22  2:15  Orbital Command  
  22  2:19  Marine  
  22  2:22  Marine  
  24  2:26  Marine  
  25  2:31  Stimpack  
  25  2:38  Supply Depot  
  25  2:46  Hellion  
  25  2:48  Marine  
  28  2:51  Marine  
  30  3:00  Marauder  
  31  3:06  Marine  
  32  3:16  Marine  
  33  3:22  Marauder  
  33  3:23  Marine  
  33  3:24  Supply Depot  
  36  3:34  Factory Tech Lab  
  36  3:40  Marine  
  37  3:41  Marine  
  37  3:46  Marauder  
  40  4:05  Marine x2  
  40  4:08  Marauder  
  44  4:11  Command Center  
  44  4:23  Marine x2  
  45  4:41  Combat Shield  
  45  4:50  Engineering Bay, Supply Depot  
  45  4:53  Supply Depot  
  45  4:54  SCV  
  46  5:11  Siege Tank  
  47  5:19  Missile Turret  
  47  5:24  Refinery  
  47  5:26  Starport  
  47  5:34  SCV  
  48  5:36  Orbital Command  
  48  5:40  Refinery  
  48  5:44  Widow Mine  
  50  5:51  Refinery  
  50  6:17  Command Center  
  50  6:27  Medivac  
  50  6:30  Siege Tank  
  42  6:54  Marauder, Marine x2  
  31  6:57  Medivac  
  31  6:58  SCV x2  
  37  7:10  SCV x2  
  37  7:11  Marine  
  37  7:12  Marine  
  43  7:15  Marauder  
  46  7:22  Siege Tank  
  46  7:29  Marine  
  46  7:30  Marine  
  49  7:37  Marauder  
  37  7:55  Siege Tank  
  42  7:58  Marauder  
  42  8:05  Liberator  
  43  8:06  Barracks  
  44  8:23  Barracks Tech Lab  
  44  8:25  Barracks Reactor, Barracks Tech Lab  
  43  8:31  Siege Tank  
  46  8:36  Refinery  
  46  8:37  SCV  
  46  8:38  SCV  
  48  8:46  Planetary Fortress  
  48  8:48  Liberator  
  51  8:49  SCV  
  51  8:50  SCV  
  53  9:02  SCV x2  
  55  9:09  Marauder x2  
  59  9:14  SCV  
  57  9:20  Marine x2  
  57  9:24  Barracks Tech Lab  
  59  9:30  Marauder  
  59  9:31  Marauder  
  62  9:40  SCV x2  
  62  9:45  Marine x2  
  66  9:52  SCV x2  
  68  10:04  SCV x2  
  68  10:10  Starport Reactor  
  68  10:11  Fusion Core  
  68  10:13  Engineering Bay  
  68  10:14  Armory  
  68  10:16  Terran Infantry Weapons Level 1  
  68  10:26  Siege Tank  
  71  10:39  Marauder  
  71  10:40  Marauder x2  
  69  10:58  Liberator x2  
  69  11:01  Marauder  
  77  11:05  Marine  
  78  11:15  Advanced Ballistics  
  78  11:17  Supply Depot  
  78  11:18  Supply Depot  
  78  11:19  Supply Depot  
  78  11:21  Supply Depot  
  78  11:24  Terran Infantry Armor Level 1  
  78  11:25  Supply Depot  
  78  11:38  SCV, Siege Tank  
  78  11:39  Marauder x2  
  86  11:40  SCV, Marauder, Marine x2  
  86  11:46  Command Center  
  91  11:58  Marine x2  
  91  12:00  Marauder x2  
  97  12:02  Medivac x2  
  97  12:04  Terran Vehicle Weapons Level 1  
  101  12:20  Concussive Shells  
  95  12:49  Marauder, Marine  
  95  12:50  Marauder x2  
  95  12:51  Liberator x2  
  107  13:11  Marauder  
  109  13:24  Marauder x2, Marine x2  
  109  13:25  Siege Tank  
  118  13:32  Marauder  
  118  13:34  Medivac x2  
  124  13:43  Terran Infantry Armor Level 2, Terran Infantry Weapons Level 2  
  124  13:45  Marauder x2  
  128  14:04  Medivac  
  129  14:15  Marauder x3, Marine  
  133  14:17  Marine  
  127  14:33  Marine  
  127  14:34  Marine  
  127  14:36  Marauder x2  
  133  14:40  Marauder  
  133  14:43  Planetary Fortress  
  133  14:45  SCV, Supply Depot  
  133  14:46  SCV  
  133  14:47  Supply Depot x2  
  133  14:52  Supply Depot  
  133  15:04  SCV x2  
  129  15:10  Supply Depot  
  129  15:11  Supply Depot  
  127  15:16  SCV x2  
  127  15:18  Supply Depot  
  129  15:24  Medivac x2  
  104  15:54  Medivac x2  
  86  16:11  Marauder x3  
  86  16:12  Marine x2  
  86  16:13  Siege Tank  
  81  16:24  Medivac  
  73  16:26  SCV x3  
  73  16:30  Marine x2  
  73  16:32  Marine  
  77  16:33  Marauder x2  
  77  16:38  SCV x3  
  83  16:45  Barracks x2, Siege Tank  
  83  16:46  Missile Turret  
  86  16:47  Barracks  
  86  16:53  Marauder  
  92  16:54  Marauder x2  
  92  16:55  Command Center  
  92  17:03  Barracks  
  92  17:07  SCV x3  
  95  17:08  Factory  
  95  17:13  Medivac  
  95  17:14  Marauder, Medivac  
  101  17:16  Marauder  
  101  17:17  Marine, Siege Tank  
  101  17:19  SCV x2  
  109  17:49  Siege Tank  
  112  17:59  Refinery  
  112  18:03  Barracks Tech Lab x2, Marauder x3  
  112  18:05  Barracks Reactor  
  118  18:11  Missile Turret  
  113  18:22  Marauder x2, Marine x2  
  113  18:24  Marauder x2, Marine  
  124  18:40  Refinery x2, Marine x2  
  126  18:41  Marine, Planetary Fortress  
  126  18:43  SCV x3, Marine x2  
  126  18:45  Marine  
  133  18:55  SCV  
  134  19:01  Marine  
  134  19:02  Marine x7  
  142  19:03  Marine  
  143  19:19  Marine  
  143  19:20  Marine x4  
  148  19:29  Command Center  
Tags
 
Add a new tag
Caveats
  • Supply blocks, unpowered buildings, or Contaminate may cause inaccurate times.
  • Supply counts are checked every 10 seconds.